[Event "Team 45 45 League T30"]
[Site "Internet Chess Club"]
[Date "2006.03.25"]
[Round "1"]
[White "az2112"]
[Black "ogoon"]
[Result "1-0"]
[WhiteElo "1700"]
[BlackElo "1682"]
[TimeControl "2700+45"]

1. e4 e6 2. d4 d5 3. Nd2 Nf6 4. e5 Nfd7 5. Ngf3 c5 6. c3 Nc6 7. Nb3 cxd4 8. cxd4
Be7 9. Be2 f6 10. O-O fxe5 11. dxe5 O-O 12. Re1 Ndxe5 13. Nxe5 Nxe5 14. Nd4 Nc6
15. Bg4 e5 16. Ne6 Bxe6 17. Bxe6+ Kh8 18. Bxd5 Qb6 19. Be3 Bc5 20. Qb3 Qxb3 21.
Bxb3 Bxe3 22. Rxe3 Rad8 23. Rd1 Rxd1+ 24. Bxd1 g6 25. Kf1 Rf7 26. Bf3 Re7 27.
Bxc6 bxc6 28. Rc3 Rc7 29. Rc5 e4 30. Re5 Rb7 31. b3 Rb4 32. Ke2 Kg7 33. Ke3 Kf6
34. Ra5 Rb7 35. Kxe4 Re7+ 36. Kf3 h5 37. Ra6 Rc7 38. b4 Ke5 39. Ke3 Kd5 40. Kd3
Ke5 41. Ke3 Kd5 42. b5 Kc5 43. Rxc6+ Rxc6 44. bxc6 Kxc6 45. Kd4 Kd6 46. a4 a5
47. g3 g5 48. f4 g4 49. f5 Ke7 50. Ke5 Kf7 51. f6 Kf8 52. Ke6 Ke8 53. f7+ Kf8
54. Kf5 Kxf7 55. Kg5 Ke6 56. Kxh5 Kd5 57. Kxg4 Kc4 58. h4 Kb4 59. h5 Kxa4 60. h6
Kb3 61. h7 a4 62. h8=Q a3 63. Qa1 a2 64. Kf5 Ka3 65. g4 Kb3 66. g5 {Black
resigns} 1-0  aics%

[Event "Team 45 45 League T30"]
[Site "Internet Chess Club"]
[Date "2006.03.26"]
[Round "1"]
[White "crankn8tr"]
[Black "AVEMARIA"]
[Result "0-1"]
[WhiteElo "1588"]
[BlackElo "1665"]
[TimeControl "2700+45"]

1. e4 c5 2. Nf3 e6 3. d4 cxd4 4. Nxd4 Nc6 5. Nc3 Qc7 6. Be3 a6 7. Qd2 Nf6 8. f3
d6 9. g4 h6 10. O-O-O Be7 11. Qf2 b5 12. Bxb5 axb5 13. Ndxb5 Qb7 14. Rxd6 Rxa2
15. Kb1 Rxb2+ 16. Kxb2 Bxd6 17. Bb6 Qe7 18. Rd1 Be5 19. Bc5 Qb7 20. Bb6 Nd7 21.
Bc5 Qxb5+ {White resigns} 0-1  aics%

[Event "Team 45 45 League T30"]
[Site "Internet Chess Club"]
[Date "2006.03.25"]
[Round "1"]
[White "DynamoKyiv"]
[Black "gessie7"]
[Result "1-0"]
[WhiteElo "1561"]
[BlackElo "1437"]
[TimeControl "2700+45"]

1. e4 e5 2. Nf3 Nc6 3. Bb5 a6 4. Ba4 Nf6 5. O-O Bc5 6. c3 Nxe4 7. d4 exd4 8.
cxd4 Bb6 9. d5 Ne7 10. Bc2 Nd6 11. Bg5 O-O 12. Re1 Re8 13. Qd3 g6 14. Qc3 Nb5
15. Qe5 Bd4 16. Nxd4 Nxd4 17. Qxd4 Nf5 18. Rxe8+ Qxe8 19. Qd2 Nd4 20. Bd3 d6 21.
Nc3 c6 22. Re1 Qd7 23. Ne4 Qc7 24. Nf6+ Kf8 25. Re8+ {Black resigns} 1-0  aics%

[Event "Team 45 45 League T30"]
[Site "Internet Chess Club"]
[Date "2006.03.28"]
[Round "1"]
[White "StevieBlunder"]
[Black "bishopb7"]
[Result "1-0"]
[WhiteElo "1700"]
[BlackElo "1706"]
[TimeControl "2700+45"]

1. e4 d5 2. exd5 Nf6 3. c4 c6 4. d4 cxd5 5. Nc3 e6 6. c5 Be7 7. Nf3 Bd7 8. Bd3
Qc7 9. Ne5 Bc6 10. b4 a6 11. Bf4 Qd8 12. O-O Nbd7 13. Nxc6 bxc6 14. a4 Qc8 15.
b5 axb5 16. axb5 cxb5 17. Nxb5 O-O 18. Qc2 Qc6 19. Nc7 Rxa1 20. Rxa1 Bd8 21. Ra7
Bxc7 22. Bxc7 Ra8 23. Rxa8+ Qxa8 24. h3 Qa1+ 25. Qb1 Qxd4 26. c6 Qa7 27. Bd6 Nc5
28. Bxc5 Qxc5 29. Qb8+ {Black resigns} 1-0  aics%

[Event "Team 45 45 League T30"]
[Site "Internet Chess Club"]
[Date "2006.03.24"]
[Round "1"]
[White "frenchmen"]
[Black "TaintedRogue"]
[Result "0-1"]
[WhiteElo "1421"]
[BlackElo "1542"]
[TimeControl "2700+45"]

1. e4 e5 2. Nf3 Nc6 3. Bc4 Nf6 4. d4 d6 5. dxe5 dxe5 6. Qxd8+ Nxd8 7. Nxe5 Bd6
8. Bf4 Ne6 9. Nxf7 Kxf7 10. e5 Nh5 11. exd6 Nxf4 12. dxc7 Nxg2+ 13. Kf1 Nf4 14.
Nc3 Bd7 15. Rd1 Bc6 16. Rg1 Rhe8 17. Rg4 Kf8 18. Nb5 Bf3 19. Rxf4+ Nxf4 20. Rd7
Bg2+ {White resigns} 0-1  aics%  MaX40(71): edad? aics%

[Event "Team 45 45 League T30"]
[Site "Internet Chess Club"]
[Date "2006.03.26"]
[Round "1"]
[White "CristopherScott"]
[Black "cwberkey"]
[Result "0-1"]
[WhiteElo "1453"]
[BlackElo "1525"]
[TimeControl "2700+45"]

1. e4 g6 2. d4 Bg7 3. Nc3 d6 4. f4 b6 5. Nf3 Bb7 6. e5 Nd7 7. h4 e6 8. Be3 Ne7
9. Be2 Nf5 10. Qd2 O-O 11. h5 Ng3 12. Rh3 Nxe2 13. Nxe2 dxe5 14. hxg6 fxg6 15.
fxe5 c5 16. O-O-O cxd4 17. Nfxd4 Nxe5 18. Nxe6 Qxd2+ 19. Bxd2 Bxg2 20. Rg3 Rf2
21. Nc3 Bf3 22. Nxg7 Bxd1 23. Nxd1 Rxd2 24. Kxd2 Kxg7 25. Nc3 h5 26. Ne4 Nc4+
27. Kc3 Rc8 28. Kb3 Na5+ 29. Ka3 Rxc2 30. Nd6 Nc4+ 31. Kb3 Rxb2+ 32. Kxc4 Rxa2
33. Kb5 Ra5+ 34. Kc6 h4 35. Rg1 g5 36. Kb7 Kg6 37. Nc8 Kh5 38. Nxa7 g4 39. Nc6
Rg5 40. Nd4 h3 41. Kxb6 g3 42. Nf3 Kg4 43. Nxg5 h2 44. Rc1 Kxg5 45. Rc5+ Kg4 46.
Rc4+ Kh3 47. Rc1 g2 48. Rc3+ Kg4 49. Rc4+ Kf5 50. Rc5+ Ke4 51. Rc4+ Kd3 {White
resigns} 0-1  aics%

[Event "Team 45 45 League T30"]
[Site "Internet Chess Club"]
[Date "2006.03.25"]
[Round "1"]
[White "pokerram"]
[Black "hansolo1000"]
[Result "1/2-1/2"]
[WhiteElo "1659"]
[BlackElo "1662"]
[TimeControl "2700+45"]

1. d4 Nf6 2. c4 g6 3. Nc3 d5 4. cxd5 Nxd5 5. e4 Nxc3 6. bxc3 Bg7 7. Be3 c5 8.
Bd3 Nc6 9. Ne2 cxd4 10. Nxd4 Bd7 11. O-O O-O 12. Rb1 Ne5 13. Rxb7 Nxd3 14. Qxd3
Bc6 15. Rxe7 Bxd4 16. Qxd4 Qxe7 17. Bh6 f6 18. Qc4+ Rf7 19. Qxc6 Re8 20. f3 Qe6
21. Qa4 Qd7 22. Qb3 Qe6 23. Qa4 Rc8 24. Rd1 Rfc7 25. Qa5 Qb6+ 26. Qxb6 axb6 27.
Rb1 Rxc3 28. Rxb6 Kf7 29. Bf4 g5 30. Bg3 Rc1+ 31. Kf2 R1c2+ 32. Ke3 Rxa2 33.
Rb7+ Kg6 34. Rb6 Kf7 35. Rb7+ Ke6 36. Rb6+ Kf7 37. Rb7+ Kg8 38. Rb3 Rxg2 39. f4
Rcc2 40. fxg5 fxg5 41. Rb5 Rge2+ 42. Kd3 Rcd2+ 43. Kc3 Rc2+ 44. Kd3 Rcd2+ 45.
Kc3 Rc2+ 46. Kd3 {Game drawn by repetition} 1/2-1/2  aics%  Ernestov(FM)(71):
clases de ajedrez en español www.ajedrezhoy.com aics%

[Event "Team 45 45 League T30"]
[Site "Internet Chess Club"]
[Date "2006.03.25"]
[Round "1"]
[White "GadsHill"]
[Black "Zzasrix"]
[Result "0-1"]
[WhiteElo "1569"]
[BlackElo "1600"]
[TimeControl "2700+45"]

1. d4 Nf6 2. c4 c5 3. d5 d6 4. Nf3 b5 5. Qc2 g6 6. e4 Bg7 7. Bd3 bxc4 8. Bxc4
Nbd7 9. Nc3 O-O 10. O-O Ne8 11. Rb1 a6 12. Be3 Rb8 13. Rfd1 Nb6 14. Nd2 Nc7 15.
Be2 f5 16. Bf4 fxe4 17. Qxe4 Bf5 18. Qe3 Bxb1 19. Rxb1 Nbxd5 20. Nxd5 Nxd5 21.
Qe6+ Kh8 22. Bg5 Nc7 23. Qe4 Rf7 24. b3 Qf8 25. Nf3 Bf6 26. Bc4 d5 27. Bxd5 Nxd5
28. Qxd5 Bxg5 29. Qxg5 Rf5 30. Qe3 a5 31. Qc3+ Kg8 32. Qxa5 Ra8 33. Qd2 Rd8 34.
Qc2 Rfd5 35. h3 Qf5 36. Qxf5 gxf5 37. Re1 Rd1 38. Rxd1 Rxd1+ 39. Kh2 Ra1 40. a4
Rb1 41. Nd2 Rb2 42. Nc4 Rxb3 43. a5 Rb4 44. Ne5 c4 45. a6 c3 46. Nc6 Ra4 47. a7
Kf7 48. Kg3 c2 {White resigns} 0-1  aics%

[Event "Team 45 45 League T30"]
[Site "Internet Chess Club"]
[Date "2006.03.22"]
[Round "1"]
[White "LIVVI"]
[Black "Cantemir"]
[Result "1-0"]
[WhiteElo "1474"]
[BlackElo "1533"]
[TimeControl "2700+45"]

1. e4 c5 2. Nf3 Nc6 3. e5 d6 4. Bb5 Bd7 5. Bxc6 Bxc6 6. exd6 Qxd6 7. O-O e6 8.
Re1 Nf6 9. Nc3 Be7 10. Ne5 O-O 11. Nxc6 Qxc6 12. Qe2 Rad8 13. d3 Bd6 14. Bg5 Bc7
15. Bxf6 gxf6 16. Qe4 Qd6 17. Qh4 f5 18. Re3 Kh8 19. Qf6+ Kg8 20. Rg3+ Qxg3 21.
hxg3 Rd4 22. f4 Bd8 23. Qe5 b6 24. Kf2 Re8 25. Re1 f6 26. Qxe6+ Rxe6 27. Rxe6
Kf7 28. Re1 a6 29. Kf3 b5 30. Re2 b4 31. Nd1 Kg6 32. Ne3 h5 33. Nc4 a5 34. Re6
Kf7 35. Rd6 Rxd6 36. Nxd6+ Ke6 37. Nc4 Kd5 38. Ke3 a4 39. c3 Be7 40. Nb6+ Kc6
41. Nxa4 Kb5 42. b3 bxc3 43. Nxc3+ Kb4 44. Nd5+ Ka3 45. Nxe7 Kxa2 46. Nxf5 Kxb3
47. Nd6 Kc3 48. f5 Kb3 49. Ne8 c4 50. dxc4 Kxc4 51. Nxf6 Kc5 52. Ke4 Kd6 53.
Nxh5 Ke7 54. Ke5 Kf7 55. g4 Ke7 56. Nf4 Kf7 57. g5 Ke7 58. g6 Kf8 59. Ke6 Kg7
60. f6+ Kf8 61. Kd7 Kg8 62. Ke8 Kh8 63. f7 {Black resigns} 1-0

[Event "Team 45 45 League T30"]
[Site "Internet Chess Club"]
[Date "2006.03.26"]
[Round "1"]
[White "Knight77"]
[Black "LeifEricson"]
[Result "0-1"]
[WhiteElo "1774"]
[BlackElo "1903"]
[TimeControl "2700+45"]

1. Nf3 c5 2. g3 b5 3. Bg2 Bb7 4. d3 g6 5. O-O Bg7 6. Nbd2 d5 7. e4 Nf6 8. Re1 e6
9. Nf1 O-O 10. e5 Nfd7 11. Bf4 h6 12. h4 Nc6 13. Qd2 Kh7 14. N1h2 Rh8 15. Ng4 h5
16. Bg5 hxg4 17. Bxd8 gxf3 18. Bxf3 Raxd8 19. h5 Ndxe5 20. hxg6+ Kxg6 21. Bg2
Nd4 22. Qd1 Rh5 23. c3 Ndc6 24. f4 Nd7 25. Qg4+ Kh6 26. Bf3 Nf6 27. Rxe6 fxe6
28. Qxe6 Re8 29. Qd6 Re3 30. Bxh5 Kxh5 31. Qc7 Re7 32. Qd6 Kg4 33. Kf2 c4 34.
Rh1 cxd3 35. Rh4+ Kf5 36. Kf3 d2 37. g4+ Kg6 38. Rh1 Re1 39. f5+ Kf7 40. Qc7+
Ne7 {White resigns} 0-1

[Event "Team 45 45 League T30"]
[Site "Internet Chess Club"]
[Date "2006.03.25"]
[Round "1"]
[White "scyther314159"]
[Black "tammany"]
[Result "1/2-1/2"]
[WhiteElo "1628"]
[BlackElo "1554"]
[TimeControl "2700+45"]

1. e4 c5 2. Nf3 g6 3. d4 cxd4 4. Nxd4 Nc6 5. Be3 Bg7 6. Nxc6 bxc6 7. Bd4 Nf6 8.
f3 O-O 9. Qd2 a5 10. Bc4 d5 11. exd5 cxd5 12. Bd3 Ba6 13. Nc3 Bxd3 14. Qxd3 e6
15. O-O-O a4 16. Bc5 Re8 17. Qb5 Qa5 18. Ba3 Nh5 19. Qxa5 Rxa5 20. Bb4 Ra6 21.
Ne2 Rc8 22. g4 Nf6 23. h4 Nd7 24. h5 g5 25. f4 gxf4 26. g5 Rac6 27. c3 Rc4 28.
Kb1 f3 29. Ng3 Be5 30. Nf1 Bf4 31. g6 h6 32. gxf7+ Kxf7 33. Nd2 Bxd2 34. Rxd2
Rg8 35. Rf2 Rg3 36. b3 axb3 37. axb3 Re4 38. Rhf1 Re3 39. Kc2 Ke8 40. Kd2 d4 41.
cxd4 Rxb3 42. Bc3 Nf6 43. Kc2 Rxc3+ 44. Kxc3 Ne4+ 45. Kd3 Nxf2+ 46. Rxf2 Ke7 47.
Ke3 Rg5 48. Kxf3 Rxh5 49. Kg4 Rg5+ 50. Kh4 Kd6 51. Rf6 Rd5 52. Rxh6 Rxd4+ 53.
Kg3 Kd5 54. Kf3 e5 55. Ke3 Rb4 56. Rh5 Rb3+ 57. Kd2 Kd4 58. Rh4+ e4 59. Rh8 e3+
60. Ke2 Rb2+ 61. Ke1 Rb1+ 62. Ke2 Rb2+ 63. Ke1 Rb5 64. Ke2 Re5 65. Rd8+ Ke4 66.
Ra8 Rd5 67. Re8+ {Game drawn by mutual agreement} 1/2-1/2  aics%

[Event "Team 45 45 League T30"]
[Site "Internet Chess Club"]
[Date "2006.03.26"]
[Round "1"]
[White "dougmo"]
[Black "CSIstephers"]
[Result "1-0"]
[WhiteElo "1525"]
[BlackElo "1378"]
[TimeControl "2700+45"]

1. e4 e5 2. Nf3 Nc6 3. d4 exd4 4. Bc4 Nf6 5. O-O Bc5 6. e5 Ng4 7. Bf4 O-O 8. h3
Nh6 9. Bxh6 gxh6 10. c3 dxc3 11. Nxc3 Re8 12. Bxf7+ Kxf7 13. Qd5+ Kf8 14. Qxc5+
d6 15. exd6 Qxd6 16. Qxd6+ cxd6 17. Rad1 Rd8 18. Rfe1 Ne7 19. Nd4 d5 20. Re5 Kf7
21. Rde1 Nc6 22. Nxc6 bxc6 23. Re7+ Kg6 24. Rc7 Rd6 25. Ree7 a5 26. g4 d4 27.
Rg7+ Kf6 28. Ne4+ Ke5 29. Nxd6 Kxd6 30. Kf1 Ba6+ 31. Ke1 Rd8 32. Rxh7 Kc5 33.
Rxh6 Bb5 34. Re7 Kc4 35. Kd2 a4 36. f4 c5 37. f5 Kd5 38. f6 Bc4 39. f7 Bxa2 40.
Re8 {Black resigns} 1-0  aics%

[Event "Team 45 45 League T30"]
[Site "Internet Chess Club"]
[Date "2006.03.27"]
[Round "1"]
[White "Zillmer"]
[Black "searchforbobby1"]
[Result "1-0"]
[WhiteElo "2127"]
[BlackElo "2079"]
[TimeControl "2700+45"]

1. e4 e5 2. Nf3 f5 3. Nxe5 Qf6 4. d4 d6 5. Nc4 fxe4 6. Nc3 Qg6 7. f3 exf3 8.
Qxf3 Nf6 9. Bd3 Qg4 10. Qe3+ Qe6 11. O-O Qxe3+ 12. Nxe3 c6 13. Bd2 Be6 14. Rae1
Kd7 15. Bf5 Bxf5 16. Nxf5 Na6 17. Bg5 Ng8 18. Nxg7 c5 19. d5 Bxg7 20. Rf7+ Kc8
21. Re8# {Black checkmated} 1-0  aics%

[Event "Team 45 45 League T30"]
[Site "Internet Chess Club"]
[Date "2006.03.26"]
[Round "1"]
[White "Burning-Bush"]
[Black "houthakker"]
[Result "1/2-1/2"]
[WhiteElo "2061"]
[BlackElo "2097"]
[TimeControl "2700+45"]

1. d4 Nf6 2. c4 c5 3. d5 b5 4. cxb5 a6 5. e3 g6 6. Nc3 Bg7 7. a4 O-O 8. Nf3 Bb7
9. Bc4 e6 10. bxa6 Bxa6 11. Qd3 Qb6 12. O-O Bxc4 13. Qxc4 Na6 14. e4 Nb4 15. Be3
Rfc8 16. Rac1 exd5 17. exd5 d6 18. Rfd1 Nd7 19. b3 Ne5 20. Nxe5 Bxe5 21. Nb5 Na6
22. Rb1 Nc7 23. Na3 Ne8 24. Qh4 Bg7 25. Nc4 Qc7 26. Bf4 Rcb8 27. Qg3 Bf8 28. Na3
Qd7 29. Nb5 Rb6 30. h4 h5 31. Na3 Rab8 32. Nc4 Ra6 33. Rbc1 Ng7 34. Na3 Nf5 35.
Qh3 Rb4 36. Nc4 Qb7 37. Rd3 Nd4 38. Re1 Rxb3 39. Re8 Rb1+ 40. Kh2 Nf5 41. Nd2
Rb4 42. Bg5 Raxa4 43. Nf3 Qb5 44. Rde3 Nxe3 45. Qc8 Ng4+ 46. Kg3 Qxe8 47. Qxe8
Kg7 48. Bd2 Rc4 49. Bc3+ f6 50. Qd7+ Kg8 51. Bd2 Ra3 52. Bf4 Nxf2 53. Qe6+ Kg7
54. Qd7+ Kg8 55. Qe6+ Kg7 56. Qd7+ {Game drawn by mutual agreement} 1/2-1/2 
aics%

[Event "Team 45 45 League T30"]
[Site "Internet Chess Club"]
[Date "2006.03.25"]
[Round "1"]
[White "TAL1960"]
[Black "PaulKaspar"]
[Result "0-1"]
[WhiteElo "1911"]
[BlackElo "1882"]
[TimeControl "2700+45"]

1. e4 c6 2. d4 d5 3. e5 Bf5 4. Nd2 e6 5. Nb3 Nd7 6. Nf3 Ne7 7. Be2 Ng6 8. c4
dxc4 9. Bxc4 Bb4+ 10. Bd2 Bxd2+ 11. Qxd2 O-O 12. O-O Nh4 13. Ne1 Nb6 14. Be2 Nd5
15. f4 h6 16. Rc1 Rc8 17. Nc5 b6 18. Nb7 Qe7 19. Nd6 Rc7 20. Rf2 Bh7 21. Nd3 Nf5
22. Nxf5 Bxf5 23. g4 Bxd3 24. Qxd3 c5 25. Rcf1 cxd4 26. Qxd4 Rd8 27. Qe4 Qb4 28.
Qxb4 Nxb4 29. a3 Nd5 30. Rd1 Kf8 31. Bf3 Ke7 32. Bxd5 Rxd5 33. Rxd5 exd5 34. h4
Ke6 35. Kf1 Rc1+ 36. Kg2 d4 37. Kf3 Kd5 38. h5 Re1 39. Rd2 Re3+ {White forfeits
on time} 0-1  aics%

[Event "Team 45 45 League T30"]
[Site "Internet Chess Club"]
[Date "2006.04.03"]
[Round "1"]
[White "chsrules88"]
[Black "Sergio56"]
[Result "1-0"]
[WhiteElo "1897"]
[BlackElo "1887"]
[TimeControl "2700+45"]

1. e4 c5 2. Nf3 e6 3. d4 cxd4 4. Nxd4 Qb6 5. Nc3 Bc5 6. Na4 Qa5+ 7. c3 Bxd4 8.
Qxd4 e5 9. Qc4 Nc6 10. Be3 d6 11. Rd1 Be6 12. Qb5 Qc7 13. Bc4 Nf6 14. Bxe6 fxe6
15. f3 O-O 16. O-O b6 17. c4 Rac8 18. Nc3 Na5 19. b3 Nb7 20. Qa4 Nc5 21. Qa3
Rfd8 22. Nb5 Qb8 23. Qxa7 Ne8 24. b4 Qxa7 25. Nxa7 {Black resigns} 1-0

[Event "Team 45 45 League T30"]
[Site "Internet Chess Club"]
[Date "2006.03.25"]
[Round "1"]
[White "elnik"]
[Black "NoLuckOnlySkill"]
[Result "0-1"]
[WhiteElo "1933"]
[BlackElo "1978"]
[TimeControl "2700+45"]

1. d4 Nf6 2. c4 g6 3. Nc3 Bg7 4. e4 d6 5. Nf3 b6 6. Be2 Bb7 7. d5 Nbd7 8. O-O
O-O 9. Nd2 c6 10. f4 Qc7 11. Nf3 cxd5 12. cxd5 Qc5+ 13. Kh1 Ng4 14. Qd3 a5 15.
Na4 Qc7 16. Nd4 Bxd4 17. Qxd4 Ngf6 18. Be3 Nc5 19. Nxc5 bxc5 20. Qa4 Ba6 21.
Rfe1 Rfb8 22. Bxa6 Rxa6 23. Bd2 Rxb2 24. Bc3 Rb8 25. Qc4 Ra7 26. e5 Ne8 27. Rab1
Rab7 28. Rxb7 Rxb7 29. Qa4 Qd7 30. Qxd7 Rxd7 31. Bxa5 dxe5 32. Rxe5 f6 33. Re2
Kf7 34. Rd2 Nd6 35. Rc2 Nb7 36. Bd2 Rxd5 37. g3 Ke6 38. Kg2 Kd6 39. Kf2 e5 40.
fxe5+ fxe5 41. Ke3 Rd4 42. Rb2 Kc6 43. Bc3 Rd5 44. Re2 Nd6 45. Kf2 Nf7 46. Kg2
Kb5 47. Kf2 Kc4 48. Bb2 Kb5 49. Ke3 Nd6 50. Kf2 e4 51. Ke3 Rf5 52. Rc2 Rf3+ 53.
Ke2 Nf5 54. Rd2 Re3+ 55. Kf2 Rd3 56. Rc2 c4 57. Ke2 Ne3 58. Rc1 Nd5 59. Be5 c3
60. Rc2 Kc4 61. Bg7 e3 62. a3 Rd2+ 63. Rxd2 exd2 {White resigns} 0-1  aics%

[Event "Team 45 45 League T30"]
[Site "Internet Chess Club"]
[Date "2006.03.27"]
[Round "1"]
[White "PUUNTUUPPAAJA"]
[Black "azbycx"]
[Result "1-0"]
[WhiteElo "1923"]
[BlackElo "1839"]
[TimeControl "2700+45"]

1. e4 c5 2. Nc3 Nc6 3. f4 g6 4. Nf3 Bg7 5. g3 d6 6. Bg2 Nf6 7. O-O O-O 8. d3 Bg4
9. h3 Bd7 10. Be3 Rb8 11. Qd2 b5 12. f5 e6 13. fxg6 fxg6 14. Rae1 b4 15. Ne2 e5
16. c3 a5 17. Rf2 Qe7 18. Ref1 Be6 19. Nc1 Kh8 20. Nh4 Nh5 21. Kh2 Rxf2 22. Rxf2
Rf8 23. Rxf8+ Qxf8 24. a3 Qf7 25. Nf3 Qf8 26. Ne2 h6 27. d4 Bg8 28. Nh4 Kh7 29.
dxc5 dxc5 30. Qd7 Nd8 31. Nxg6 Kxg6 32. Qg4+ Kh7 33. Qxh5 Bf7 34. Qf5+ Kh8 35.
Qd7 Bc4 36. Ng1 Be6 37. Qb5 bxc3 38. bxc3 c4 39. Bc5 Qf6 40. Qxa5 Nf7 41. Nf3
Qg6 42. Qa8+ Kh7 43. Be7 Qh5 44. Nh4 Qe2 45. Nf5 Qb2 46. Qc6 Ng5 47. Bxg5 Bxf5
48. exf5 hxg5 49. Qg6+ Kh8 50. f6 {Black resigns} 1-0  aics%

[Event "Team 45 45 League T30"]
[Site "Internet Chess Club"]
[Date "2006.03.26"]
[Round "1"]
[White "PublisherKing"]
[Black "StrayLite"]
[Result "1-0"]
[WhiteElo "1925"]
[BlackElo "1959"]
[TimeControl "2700+45"]

1. Nf3 c5 2. c4 g6 3. e4 Bg7 4. d4 cxd4 5. Nxd4 Nc6 6. Be3 Nf6 7. Nc3 Ng4 8.
Qxg4 Nxd4 9. Qd1 Nc6 10. Be2 d6 11. O-O Bxc3 12. bxc3 Qa5 13. Qb3 Rb8 14. Rfb1
Be6 15. Qb5 Qxc3 16. Bxa7 Rc8 17. Qxb7 Nxa7 18. Qxa7 Qc2 19. Qd4 O-O 20. Rb2 Qa4
21. Rc1 Rc7 22. Qc3 Rfc8 23. Qb3 Qc6 24. Qe3 d5 25. exd5 Bxd5 26. Bf1 Qa4 27.
Rbc2 Qa8 28. Rc3 Be6 29. a3 Rc5 30. Be2 R8c7 31. Qd4 Qc8 32. h3 f6 33. Qe4 Kg7
34. a4 Qa6 35. Qc2 Ra7 36. Re3 Kf7 37. Qe4 Bf5 38. Qh4 g5 39. Qd4 Qa5 40. Bh5+
Bg6 41. Bg4 e5 42. Qd6 f5 43. Bd1 Qc7 44. Rd3 Kg7 45. Bb3 Bf7 46. Qd8 Qxd8 47.
Rxd8 Rac7 48. Ra1 Bxc4 49. Bxc4 Rxc4 50. a5 Rc1+ 51. Rd1 R1c5 52. a6 Ra7 53. Rd6
e4 54. Rb6 Rcc7 55. Ra5 Rf7 56. Rbb5 Kg6 57. g4 f4 58. Rxg5+ Kf6 59. Rge5 Rfe7
60. Rf5+ Kg7 61. Rxf4 e3 62. fxe3 Rxe3 63. h4 Re6 64. Rfa4 Re2 65. Kf1 Rh2 66.
Rg5+ Kf6 67. Rh5 Rc7 68. Kg1 Rd2 69. Ra1 Rcc2 70. Rf5+ Kg7 71. a7 Ra2 72. a8=Q
{Black resigns} 1-0  aics%

[Event "Team 45 45 League T30"]
[Site "Internet Chess Club"]
[Date "2006.03.24"]
[Round "1"]
[White "FatManMGS2"]
[Black "kabindra"]
[Result "1-0"]
[WhiteElo "1915"]
[BlackElo "1789"]
[TimeControl "2700+45"]

1. e4 e5 2. Nf3 Nc6 3. Bb5 a6 4. Ba4 Nf6 5. O-O b5 6. Bb3 Be7 7. Re1 O-O 8. c3
d6 9. h3 Na5 10. d4 Nxb3 11. Qxb3 Bb7 12. d5 c6 13. c4 Rb8 14. cxb5 axb5 15.
dxc6 Bxc6 16. Nc3 Qd7 17. Bg5 Qb7 18. Rad1 Rfd8 19. Bxf6 Bxf6 20. Nd5 Bxd5 21.
Qxd5 Qxd5 22. Rxd5 Be7 23. Red1 f6 24. Nd2 Rd7 25. Nb3 Ra7 26. a3 Ra4 27. Rc1
Kf8 28. f3 Rc4 29. Rxc4 bxc4 30. Na5 Rc8 31. Rb5 c3 32. bxc3 Rxc3 33. a4 Ra3 34.
Nc6 Ke8 35. a5 Kd7 36. Nxe7 Kxe7 37. Rb7+ Ke6 38. Rxg7 Rxa5 39. Rxh7 d5 40.
exd5+ Rxd5 41. Kf2 Kf5 42. Kg3 Kg6 43. Ra7 Rd4 44. Ra2 Kg5 45. Re2 f5 46. Rxe5
Kf6 47. Ra5 Rd6 48. Ra4 Kg5 49. h4+ Kg6 50. Kf4 Rd2 51. Ra6+ Kg7 52. g4 fxg4 53.
fxg4 Rd4+ 54. Kf5 Rd5+ 55. Ke4 Rb5 56. h5 Rb4+ 57. Kf5 Rb5+ 58. Kf4 Rb4+ 59. Kg3
Rb3+ 60. Kh4 Rb4 61. Ra5 Rb6 62. Kg5 Kh7 63. h6 Rc6 64. Ra7+ Kh8 65. Rf7 Rc5+
66. Kg6 Rc6+ 67. Rf6 Rc8 68. g5 Rg8+ 69. Kh5 Kh7 70. g6+ Kh8 71. g7+ Kh7 72. Rf8
Rxg7 73. hxg7 Kxg7 74. Rf5 {Black resigns} 1-0  aics%

[Event "Team 45 45 League T30"]
[Site "Internet Chess Club"]
[Date "2006.03.23"]
[Round "1"]
[White "tonycage11"]
[Black "chsrules88"]
[Result "0-1"]
[WhiteElo "1863"]
[BlackElo "1880"]
[TimeControl "2700+45"]

1. e4 e5 2. f4 exf4 3. Nf3 g5 4. Bc4 g4 5. O-O gxf3 6. Qxf3 Bc5+ 7. Kh1 Qg5 8.
d3 Kd8 9. Bxf4 Qg7 10. Nc3 d6 11. Rae1 Bg4 12. Qg3 h5 13. Qh4+ f6 14. e5 dxe5
15. Bxe5 Nd7 16. Bf4 Ne7 17. Ne4 Bd4 18. c3 Ng6 19. Bxc7+ Kxc7 20. Qg3+ Be5 21.
Qe3 f5 22. Ng5 f4 23. Qd2 h4 24. h3 Bf5 25. d4 Bf6 26. Ne6+ Bxe6 27. Rxe6 Rae8
28. d5 Rxe6 29. dxe6 Nde5 30. Bb3 Qe7 31. Qe2 Rd8 32. Qh5 Rd2 {White resigns}
0-1

[Event "Team 45 45 League T30"]
[Site "Internet Chess Club"]
[Date "2006.03.27"]
[Round "1"]
[White "Fineas-Fogg"]
[Black "Ingo"]
[Result "0-1"]
[WhiteElo "1428"]
[BlackElo "1643"]
[TimeControl "2700+45"]

1. e4 e5 2. Nf3 Nc6 3. Bb5 a6 4. Ba4 b5 5. Bb3 Na5 6. Nxe5 Nxb3 7. axb3 Qg5 8.
Nf3 Qxg2 9. Rg1 Qh3 10. d3 Bb7 11. Bf4 d6 12. Nbd2 g6 13. Nf1 Bg7 14. Ng5 Qd7
15. Qc1 Ne7 16. c4 f6 17. Nf3 O-O-O 18. cxb5 axb5 19. Be3 f5 20. Ng5 Rde8 21.
Ng3 d5 22. f3 fxe4 23. dxe4 h6 24. Nf7 Rhf8 25. Nxh6 Rxf3 26. Nh5 Bxh6 27. Bxh6
gxh5 28. Rg7 dxe4 29. Bg5 Qd3 30. Qxc7+ Kxc7 31. Rc1+ Kd7 32. Rxe7+ Rxe7 33.
Rc7+ Kxc7 34. Bxe7 Rf1# {White checkmated} 0-1  aics%

[Event "Team 45 45 League T30"]
[Site "Internet Chess Club"]
[Date "2006.03.24"]
[Round "1"]
[White "Lipsome123"]
[Black "A-Ru"]
[Result "1/2-1/2"]
[WhiteElo "1890"]
[BlackElo "1941"]
[TimeControl "2700+45"]

1. e4 e6 2. d4 d5 3. e5 c5 4. Qg4 cxd4 5. Nf3 Nc6 6. Bd3 f5 7. Qg3 Qc7 8. O-O
Nge7 9. a3 Ng6 10. Re1 Bc5 11. h4 Qf7 12. Ng5 Qe7 13. Nxh7 Nf8 14. Ng5 Ng6 15.
Nf3 Nxh4 16. Nxh4 Qxh4 17. Qxh4 Rxh4 18. Bg5 Rh5 19. f4 Bd7 20. Nd2 Kf7 21. Nf3
a6 22. b4 Bb6 23. Kf2 Rah8 24. Reb1 Na7 25. b5 a5 26. Ke2 Rc8 27. a4 Rc3 28. Rb3
Rc7 29. Rbb1 Rh8 30. Bh4 Kg6 31. Bf2 Kf7 32. Bh4 Nc8 33. Bf2 Bc5 34. Bxd4 Bxd4
35. Nxd4 Nb6 36. Nf3 Ke7 37. Rh1 Rxh1 38. Rxh1 Nxa4 39. Ra1 Nc3+ 40. Kd2 b6 41.
Nd4 Rc5 42. Nb3 Rc8 43. Nd4 a4 44. Nc6+ Bxc6 45. Kxc3 Bxb5+ 46. Kb4 Bc6 47. Bb5
Bxb5 48. Kxb5 Rxc2 49. Rxa4 Rxg2 50. Ra7+ Kf8 51. Kc6 Rg4 52. Kd6 Rg6 53. Rb7
Kg8 54. Rxb6 Kh7 55. Rb2 Rh6 {Game drawn by mutual agreement} 1/2-1/2  aics%

[Event "Team 45 45 League T30"]
[Site "Internet Chess Club"]
[Date "2006.03.24"]
[Round "1"]
[White "backfire"]
[Black "QuantumWell"]
[Result "0-1"]
[WhiteElo "1712"]
[BlackElo "1941"]
[TimeControl "2700+45"]

1. d4 d5 2. c4 e6 3. Nc3 Nf6 4. Nf3 Bb4 5. Bg5 O-O 6. e3 c5 7. a3 Bxc3+ 8. bxc3
cxd4 9. cxd4 Nc6 10. Bd3 h6 11. Bh4 dxc4 12. Bxc4 Qa5+ 13. Qd2 g5 14. Bg3 g4 15.
Qxa5 Nxa5 16. Ne5 Nxc4 17. Nxc4 b5 18. Nd6 Bd7 19. h3 Bc6 20. hxg4 Nxg4 21. e4
f5 22. f3 f4 23. fxg4 Rad8 24. e5 fxg3 25. Rxh6 Bxg2 26. O-O-O Bf1 27. Rh1 g2
28. Rg1 Rf4 29. Kc2 Rd7 30. Rd2 Rxg4 31. Ne8 Kf8 32. Nf6 Rc7+ 33. Kb3 Rg3+ 34.
Kb4 Rc4+ {White resigns} 0-1  aics%

[Event "Team 45 45 League T30"]
[Site "Internet Chess Club"]
[Date "2006.03.26"]
[Round "1"]
[White "Theodulf"]
[Black "Kingofknights"]
[Result "0-1"]
[WhiteElo "1688"]
[BlackElo "1659"]
[TimeControl "2700+45"]

1. e4 c6 2. d4 d5 3. exd5 cxd5 4. Bd3 Nc6 5. c3 Nf6 6. Bf4 Bg4 7. Qb3 Qd7 8. Nd2
Nh5 9. Be3 Qc7 10. Qxd5 e6 11. Qb3 Nf6 12. Ngf3 Bd6 13. Bg5 Nd5 14. c4 Nf4 15.
Bxf4 Bxf4 16. Qc3 O-O-O 17. Nb3 Bxf3 18. gxf3 Nxd4 19. Nxd4 Be5 20. Be4 Bxd4 21.
Qb3 f5 22. Bc2 Qc5 23. O-O-O Rd6 24. a3 Rb6 25. Qa2 Bxb2+ 26. Qxb2 Rxb2 27. Kxb2
Rd8 28. Rxd8+ Kxd8 29. Rd1+ Ke7 30. Kb3 Qxf2 31. Rd3 Qxh2 32. Kc3 h5 33. Ba4 h4
34. Rd7+ Kf6 35. Rxb7 Qe5+ 36. Kb4 {White resigns} 0-1  aics%  Theodulf(340):
well aics%